AoeStats
← Gab7292

Glade

510360496Analyzed
1v1 RM · 2d ago on Sep 30, 2026· 38m 54s· 2 players
Game mode
Random Map
Map size
Tiny (2 player)
Population
200
Speed
Normal
Resources
Standard
Victory
Conquest
Starting age
Dark Age
Ending age
Imperial Age
RankedLock teamsTeams togetherTeam positionsShared explorationLock speedFull tech treeHidden civsTurbo modeCheats
Victory
Defeat
🇨🇦 Mongols · Canada
877
+18
🇮🇩 Jurchens · Indonesia
911
-18
Kambing_Ngamuk
1:24 Loom
10:17 Feudal Age
11:06 Double-Bit Axe
18:02 Castle Age
16:20 Horse Collar
16:41 Gold Mining
17:54 Horse Collar
28:25 Padded Archer Armor
29:32 Bow Saw
35:52 Imperial Age
34:20 Fletching
34:58 Ballistics
34:41 Stone Mining
35:19 Bodkin Arrow
35:38 Heavy Plow
Gab7292
11:02 Feudal Age
9:21 Loom
15:31 Scale Barding Armor
17:55 Castle Age
16:35 Double-Bit Axe
16:34 Horse Collar
25:29 Bow Saw
25:22 Heavy Plow
25:54 Padded Archer Armor
29:34 Leather Archer Armor
30:40 Gold Mining
31:31 Wheelbarrow
31:31 Stone Mining
35:35 Imperial Age
34:17 Gold Shaft Mining
34:31 Ballistics
35:48 Hand Cart
37:57 Fletching
37:57 Light Cavalry
Connection lost

Rejoining the realm…

Still unreachable

The connection could not be restored.

Session expired

The server has moved on; the page needs a fresh start.